 Dungeon Crawl Stone Soup version 0.25-a0-317-g5f8687b (webtiles) character file.

Game seed: 14378112625028271794, levelgen mode: deterministic

2100 15 the Ruffian (level 9, -17/69 HPs)
             Began as a Green Draconian Transmuter on Dec 25, 2019.
             Was a Follower of Vehumet.
             Demolished by an orc warrior
             ... wielding a +0 battleaxe
              (24 damage)
             ... on level 6 of the Dungeon.
             The game lasted 00:42:37 (7319 turns).

15 the Ruffian (Green Draconian Transmuter)         Turns: 7319, Time: 00:42:38

Health: -17/69     AC:  2    Str: 15    XL:     9   Next: 7%
Magic:  11/13      EV: 24    Int: 17    God:    Vehumet [*.....]
Gold:   362        SH:  0    Dex: 16    Spells: 4/14 levels left

rFire    . . .     SeeInvis .     - Unarmed
rCold    . . .     Gourm    .   (shield currently unavailable)
rNeg     . . .     Faith    .   (armour unavailable)
rPois    x         Spirit   .   (helmet currently unavailable)
rElec    .         Reflect  .   (cloak currently unavailable)
rCorr    .         Harm     .   (gloves currently unavailable)
MR       .....                  (boots currently unavailable)
Stlth    +++.......             (no amulet)
HPRegen  0.21/turn              s - +2 ring of evasion
MPRegen  0.13/turn              e - ring of wizardry

@: spider-form (expiring)
A: tiny, (breathe noxious fumes), unfitting armour, clever 1, AC +7
a: End Transformation, Renounce Religion


You were on level 6 of the Dungeon.
You worshipped Vehumet.
Vehumet was aware of your devotion.
You were not hungry.
You were a venomous arachnid creature.
You visited 2 branches of the dungeon, and saw 8 of its levels.

You collected 362 gold pieces.

Inventory:

Hand Weapons
 m - a +3 short sword of draining
 q - a +2 morningstar of protection
 r - the +3 flail of Ashenzari {pain, rPois rN+ Str+2}
   (You found it on level 6 of the Dungeon)

   In the hands of one skilled in necromantic magic, it inflicts extra damage on
   living creatures.
   It affects your strength (+2).
   It protects you from poison.
   It protects you from negative energy.
 A - a +2 rapier of speed
Missiles
 a - 55 arrows
 i - 29 poisoned darts (quivered)
 j - 226 stones
Armour
 f - a +0 pair of boots (melded)
 B - a +0 pair of gloves (melded)
Jewellery
 e - a ring of wizardry (right front leg)
 k - an uncursed ring of ice {unknown}
 s - a +2 ring of evasion (left front leg)
Wands
 d - a wand of digging (4)
Scrolls
 b - 3 scrolls of fear
 g - 6 scrolls of teleportation
 l - 2 scrolls of remove curse
 o - a scroll of enchant armour {unknown}
 p - 2 scrolls of amnesia
 v - a scroll of torment {unknown}
 x - a scroll of brand weapon {unknown}
 y - a scroll of immolation {unknown}
 z - a scroll of noise {unknown}
Potions
 h - a potion of ambrosia
 n - a potion of might
 u - 3 potions of mutation
 w - a potion of haste
Comestibles
 c - 11 rations
 t - a chunk of flesh


   Skills:
 + Level 3.1 Fighting
 + Level 4.2 Dodging
 + Level 4.1 Stealth
 + Level 7.9 Unarmed Combat
 + Level 3.0 Spellcasting
 * Level 0.8 Conjurations
 + Level 3.1 Transmutations
 * Level 5.0 Ice Magic
 + Level 1.1 Poison Magic


You had 4 spell levels left.
You knew the following spells:

 Your Spells              Type           Power        Failure   Level  Hunger
a - Ice Form              Ice/Tmut       ###.....     26%         4    ####...
b - Sticks to Snakes      Tmut           ##......     9%          2    ##.....
c - Spider Form           Tmut/Pois      #.........   19%         3    ###....
d - Magic Dart            Conj           #...         12%         1    None

Your spell library contained the following spells:

 Spells                   Type           Power        Failure   Level  Hunger
 Beastly Appendage        Tmut           ##....       6%          1    None
 Blade Hands              Tmut           ##........   63%         5    ######.


Dungeon Overview and Level Annotations

Branches:
Dungeon (7/15)             Temple (1/1) D:6

Altars:
Ashenzari
Cheibriados
Elyvilon
Fedhas
Gozag
Hepliaklqana
Kikubaaqudgha
Makhleb
Okawaru
Qazlal
Ru
Sif Muna
Trog
Uskayaw
Vehumet
Wu Jian
Xom
Yredelemnul
Zin
The Shining One

Annotations:
D:4 2 transporters


Innate Abilities, Weirdness & Mutations

((You can breathe blasts of noxious fumes.))
((Your lurid green scales are hard. (AC +7)))
You cannot fit into any form of body armour.
((Your system is resistant to poisons. (rPois)))
((You are cold-blooded and may be slowed by cold attacks.))
((You have a pair of small horns on your head.))
((You have sharp toenails.))
Your mind is acute. (Int +2)
((Your flesh is cold resistant. (rC+)))


Message History

The orc warrior barely misses you.
You hit the orc warrior.
The orc warrior looks as sick as possible!
The orc warrior is lightly wounded.
You hit the orc warrior.
The orc warrior is moderately wounded.
The orc warrior completely misses you.
You hit the orc warrior.
The orc warrior looks as sick as possible!
The orc warrior is heavily wounded.
You hit the orc warrior but do no damage.
The orc warrior looks as sick as possible!
The orc warrior is heavily wounded.
Your transformation is almost over.
The orc warrior hits you with a +0 battleaxe!!
* * * LOW HITPOINT WARNING * * *
You barely miss the orc warrior.
The orc warrior is heavily wounded.
The orc warrior hits you with a +0 battleaxe!!
You die...

##...........# #.........##.#.
####.####.####
##.#.##.#..##.#. .....# ##.##
#..........##.#. ###### #...#
#..#.##.#.###.#. # #..[#
#..#.##.#.###.#. ### #...#
#..#..[.......#.
..######...#####
#....#####......
#.##<.........>###.##.#
#.....#
)))...........oos..##.#
#.....#
#.##...........######.#
#.....# #.######...#####
#.#####.....# ..# #...#
#.......##### ### #...#
##...##### #>รท # ##...#
####....#######.# #
#...#######................ #
#.##........##.##..##.##..#
####.##.#####..##.##..##.##..#


You could see an orc warrior and an orc wizard.

Vanquished Creatures
  Pikel (D:5)
  Eustachio (D:5)
  An ice beast (D:6)
  4 slaves (D:5)
  A phantom (D:7)
  2 ogres
  A sky beast (D:6)
  2 bullfrogs (D:7)
  A water moccasin zombie (D:7)
  3 scorpions
  2 crimson imps
  2 bullfrog zombies (D:7)
  3 hounds
  2 orc priests
  2 bullfrog skeletons
  An iguana (D:6)
  An orc wizard (D:6)
  3 worker ants
  A killer bee zombie (D:5)
  2 hound skeletons
  A howler monkey skeleton (D:6)
  10 adders
  2 shadow imps
  An ooze (D:1)
  2 worms
  2 dart slugs
  2 leopard geckos
  20 orcs
  8 bats
  2 giant cockroaches
  6 goblins
  3 hobgoblins (D:2)
  3 jackals (D:1)
  4 quokkas
  3 ball pythons (D:2)
  5 frilled lizards
  A giant cockroach zombie (D:5)
  8 kobolds
  A quokka zombie (D:5)
  2 rats (D:1)
122 creatures vanquished.

Vanquished Creatures (collateral kills)
  An orc wizard (D:3)
  An adder (D:2)
  A dart slug (D:2)
  A leopard gecko (D:3)
  An orc (D:3)
  A frilled lizard (D:3)
  A rat (D:2)
7 creatures vanquished.

Grand Total: 129 creatures vanquished

Notes
Turn   | Place    | Note
-------+----------+-------------------------------------------
     0 | D:1      | 15 the Draconian Transmuter began the quest for the Orb.
     0 | D:1      | Reached XP level 1. HP: 16/16 MP: 3/3
   118 | D:1      | Reached XP level 2. HP: 15/23 MP: 3/5
   132 | D:1      | Learned a level 2 spell: Sticks to Snakes
   496 | D:2      | Reached XP level 3. HP: 15/28 MP: 4/6
   512 | D:2      | Learned a level 3 spell: Spider Form
   938 | D:2      | Found a shimmering altar of Xom.
   940 | D:2      | Found an iron altar of Okawaru.
  1069 | D:2      | Reached skill level 4 in Unarmed Combat
  1346 | D:2      | Reached XP level 4. HP: 13/35 MP: 2/7
  1960 | D:3      | Found a snail-covered altar of Cheibriados.
  2005 | D:3      | Gained mutation: Your mind is acute. (Int +2) [potion of
                  | mutation]
  2005 | D:3      | Gained mutation: You have sharp toenails. [potion of
                  | mutation]
  2005 | D:3      | Gained mutation: Your flesh is cold resistant. (rC+)
                  | [potion of mutation]
  2005 | D:3      | Gained mutation: You have a pair of small horns on your
                  | head. [potion of mutation]
  2006 | D:3      | Found an ornate altar of the Wu Jian Council.
  2088 | D:3      | Reached XP level 5. HP: 9/40 MP: 2/8
  2436 | D:3      | Reached skill level 1 in Stealth
  2535 | D:3      | Learned a level 4 spell: Ice Form
  3136 | D:4      | Found a transporter.
  3159 | D:4      | Found a transporter.
  3180 | D:4      | Noticed an ogre
  3199 | D:4      | Killed an ogre
  3199 | D:4      | Reached skill level 1 in Ice Magic
  3199 | D:4      | Reached XP level 6. HP: 48/48 MP: 2/10
  3222 | D:4      | Found a radiant altar of Vehumet.
  3223 | D:4      | Found a shimmering blue altar of Sif Muna.
  3225 | D:4      | Found a hazy altar of Hepliaklqana.
  3229 | D:4      | Became a worshipper of Vehumet
  3316 | D:4      | Reached skill level 5 in Unarmed Combat
  4125 | D:4      | Found a basalt altar of Yredelemnul.
  4128 | D:4      | Noticed a profane servitor
  4133 | D:4      | Found a glowing golden altar of the Shining One.
  4135 | D:4      | Noticed an angel
  4296 | D:5      | Entered Level 5 of the Dungeon
  4776 | D:5      | Your scales start taking on a lurid green colour.
  4776 | D:5      | Reached XP level 7. HP: 23/53 MP: 11/11
  4776 | D:5      | Gained mutation: Your system is resistant to poisons.
                  | (rPois) [Green Draconian growth]
  5126 | D:5      | Noticed Eustachio
  5163 | D:5      | Killed Eustachio
  5233 | D:5      | Noticed Pikel
  5402 | D:5      | Killed Pikel
  5402 | D:5      | Reached skill level 6 in Unarmed Combat
  5402 | D:5      | Reached skill level 1 in Poison Magic
  5402 | D:5      | Reached XP level 8. HP: 43/62 MP: 12/12
  5473 | D:5      | Found a sacrificial altar of Ru.
  5676 | D:6      | Got a transparent flail
  5705 | D:6      | Identified the +3 flail of Ashenzari {pain, rPois rN+
                  | Str+2} (You found it on level 6 of the Dungeon)
  6088 | D:6      | Found a staircase to the Ecumenical Temple.
  6136 | Temple   | Entered the Ecumenical Temple
  6560 | D:6      | Reached skill level 7 in Unarmed Combat
  6807 | D:7      | Reached * piety under Vehumet
  6807 | D:7      | Offered knowledge of Magic Dart by Vehumet.
  6810 | D:7      | Learned a level 1 spell: Magic Dart
  7141 | D:7      | Reached XP level 9. HP: 69/69 MP: 5/13
  7266 | D:7      | Reached skill level 5 in Ice Magic
  7319 | D:6      | Demolished by an orc warrior

Levels and vault maps discovered:
D:1:      minmay_arrival_four_circles, layout_rooms
D:2:      layout_loops_ring, gammafunk_temple_overflow_statue,
          minmay_shallow_snake_nest
D:3:      layout_basic, cheibriados_altar_1, old_standard_altar,
          grunt_decor_arrowhead
D:4:      gammafunk_wand_slinger, layout_layer_cave,
          grunt_temple_overflow_holy_war, gammafunk_temple_overflow_forgotten,
          first_ration
D:5:      layout_layer_cave, nicolae_overflow_hidden_temple, uniq_eustachio,
          uniq_pikel
D:6:      layout_loops_cross, minmay_temple_entry_slanted
D:7:      kennysheep_big_flooded_room, layout_gridville,
          nemelex_xobeh_ov_fountains_minmay, grunt_dithmenos_shadows,
          minmay_misc_feat_iff, minmay_misc_feat_cross
Temple:   jpeg_temple_alley_garden

Skill      XL: |  1  2  3  4  5  6  7  8  9 |
---------------+----------------------------+-----
Dodging        | 2 3 4 |  4.2
Unarmed Combat | 4 5 6 7 |  7.9
Stealth        | 1 2 4 |  4.1
Ice Magic      | 1 2 3 4 5 |  5.0
Spellcasting   | 3 |  3.0
Fighting       | 2 3 |  3.1
Transmutations | 3 |  3.1
Poison Magic   | 1 |  1.1
Conjurations   | |  0.8

Action                   |  1- 3 |  4- 6 |  7- 9 || total
-------------------------+-------+-------+-------++-------
Melee: Unarmed           |   115 |   225 |   221 ||   561
       Tailslap          |    12 |    17 |    25 ||    54
       Kick              |     6 |    13 |       ||    19
       Headbutt          |       |    15 |    28 ||    43
       Punch             |       |     2 |     4 ||     6
 Cast: Beastly Appendage |     5 |     1 |       ||     6
       Sticks to Snakes  |     5 |     7 |       ||    12
       Spider Form       |       |     4 |     1 ||     5
       Ice Form          |       |     1 |     4 ||     5
 Abil: Breathe Noxious F |       |       |     8 ||     8
  Use: Scroll            |     3 |     7 |     3 ||    13
       Potion            |       |     7 |     2 ||     9
 Stab: Sleeping          |     1 |     1 |     2 ||     4
       Confused          |       |       |     9 ||     9
  Eat: Chunk             |     2 |     8 |    11 ||    21
       Ration            |       |     1 |       ||     1
Armor: Skin              |    45 |    65 |    42 ||   152
Dodge: Dodged            |    96 |   147 |   129 ||   372

Table legend:
 A = Non-vault XP
 B = Vault XP
 C = Vault XP percentage of total XP
 D = Non-vault monster count
 E = Vault monster count
 F = Vault count percentage of total count
                 A         B        C        D         E       F
            +---------+---------+-------+---------+---------+-------
      Total |    2174 |     827 |  27.6 |     119 |       6 |   4.8
            +---------+---------+-------+---------+---------+-------
        D:1 |      35 |       0 |   0.0 |      16 |       0 |   0.0
        D:2 |      64 |      17 |  21.0 |      17 |       4 |  19.0
        D:3 |     164 |       0 |   0.0 |      27 |       0 |   0.0
        D:4 |     336 |       0 |   0.0 |      17 |       0 |   0.0
        D:5 |     220 |     810 |  78.6 |      15 |       2 |  11.8
        D:6 |     661 |       0 |   0.0 |      16 |       0 |   0.0
        D:7 |     694 |       0 |   0.0 |      11 |       0 |   0.0
            +---------+---------+-------+---------+---------+-------
